 Dungeon Crawl Stone Soup version 0.31.0-11-ge490571c62 (webtiles) character file.

Game seed: 12486177708287515986

17750 Bnni the Cruncher (level 12, -1/92 HPs)
             Began as a Formicid Fighter on Feb 8, 2024.
             Was a Priest of Hepliaklqana.
             Slain by a minotaur
             ... wielding a staff of air
              (9 damage)
             ... in a Gauntlet.
             The game lasted 00:25:20 (10925 turns).

Bnni the Cruncher (Formicid Fighter)               Turns: 10925, Time: 00:25:21

Health: -1/92      AC: 22    Str: 25    XL:     12   Next: 86%
Magic:  18/18      EV:  9    Int:  9    God:    Hepliaklqana [***...]
Gold:   732        SH:  6    Dex: 13    Spells: 11/11 levels left

rFire   . . .        s - +2 quarterstaff (chaos)
rCold   . . .        c - +0 buckler
rNeg    . . .        K - +1 scale mail {rPois}
rPois   +            (helmet unavailable)
rElec   .            t - +0 cloak
rCorr   .            i - +2 pair of gloves
SInv    +            y - +0 pair of boots
Will    +....        H - amulet of faith Stlth
                     f - +4 ring of protection
HPRegen 0.35/turn    C - +4 ring of protection
MPRegen 0.16/turn

%: faith
@: brilliant, attractive, invisible
A: reduced essence, permanent stasis, dig shafts and tunnels, antennae 3, four
strong arms
a: Dig, Renounce Religion, Recall Ancestor, Ancestor Identity, Transference


You were in a Gauntlet.
You worshipped Hepliaklqana.
Hepliaklqana was most pleased with you.
You visited 2 branches of the dungeon, and saw 13 of its levels.
You also visited: Gauntlet.

You collected 732 gold pieces.

Inventory:

Hand Weapons
 h - a +0 dagger of venom
 s - a +2 quarterstaff of chaos (weapon)
Missiles
 m - 9 boomerangs
 u - 47 poisoned darts
Armour
 c - a +0 buckler (worn)
 i - a +2 pair of gloves (worn)
 j - a +1 ring mail of fire resistance
 l - a +0 tower shield
 t - a +0 cloak (worn)
 y - a +0 pair of boots (worn)
 K - a +1 scale mail of poison resistance (worn)
Jewellery
 f - a +4 ring of protection (left hand)
 o - a ring of poison resistance
 C - a +4 ring of protection (right hand)
 H - an amulet of faith (around neck)
 P - the ring "Puhoq" {*Slow Will+ rCorr Dex+6 SInv}
   (You found it in a Gauntlet)

   [ring of willpower]

   Dex+6:     It affects your dexterity (+6).
   Will+:     It increases your willpower.
   SInv:      It lets you see invisible.
   rCorr:     It protects you from acid and corrosion.
   *Slow:     It may slow you when you take damage.
Wands
 J - a wand of digging (3)
Scrolls
 b - a scroll of acquirement {unknown}
 g - 2 scrolls of fog {unknown}
 n - 3 scrolls of teleportation {unknown}
 q - 3 scrolls of immolation {unknown}
 v - 2 scrolls of enchant armour {unknown}
 D - a scroll of brand weapon {unknown}
 E - a scroll of fear {unknown}
 F - a scroll of vulnerability {unknown}
 I - a scroll of silence {unknown}
 M - a scroll of amnesia {unknown}
 N - 2 scrolls of noise {unknown}
Potions
 a - 3 potions of enlightenment
 d - a potion of might
 e - 4 potions of resistance
 r - a potion of invisibility
 x - a potion of mutation
 z - 2 potions of haste {unknown}
 A - a potion of brilliance
 B - a potion of attraction
 L - a potion of berserk rage {unknown}
 O - a potion of cancellation {unknown}


   Skills:
 + Level 12.4 Fighting
 - Level 14.0 Staves
 + Level 6.3 Armour
 + Level 7.6 Shields
 * Level 8.3 Invocations


You had 11 spell levels left.
You didn't know any spells.
Your spell library contained the following spells:

 Spells                   Type           Power      Damage    Failure   Level
 Apportation              Tloc           0%         N/A       71%         1
 Necrotise                Necr           0%         1d4       71%         1
 Sting                    Conj/Alch      0%         1d3       71%         1
 Summon Small Mammal      Summ           0%         N/A       71%         1
 Cigotuvi's Dreadful Rot  Necr/Alch/Air  0%         N/A       83%         2
 Lesser Beckoning         Tloc           0%         N/A       83%         2
 Momentum Strike          Conj/Tloc      0%         3d8       83%         2
 Static Discharge         Conj/Air       0%         3-3/arc   83%         2
 Dazzling Flash           Conj/Hex       0%         N/A       97%         3
 Inner Flame              Hex/Fire       0%         N/A       97%         3
 Volatile Blastmotes      Fire/Tloc      0%         2d10      97%         3
 Airstrike                Air            0%         2d(0-16)  100%        4
 Flame Wave               Conj/Fire      0%         2d4       100%        4
 Leda's Liquefaction      Alch/Erth      0%         N/A       100%        4
 Sticky Flame             Fire/Alch      0%         2d4       100%        4
 Summon Blazeheart Golem  Fire/Summ      0%         N/A       100%        4
 Summon Lightning Spire   Summ/Air       0%         N/A       100%        4
 Lee's Rapid Deconstruct  Erth           0%         3d4*      100%        5
 Bombard                  Conj/Erth      0%         9d1       100%        6
 Starburst                Conj/Fire      0%         6d3       100%        6
 Maxwell's Capacitive Co  Air            0%         ∞         100%        8
 Dragon's Call            Summ           0%         N/A       100%        9
 Blink                    Tloc           Unusable   N/A       N/A         2

Dungeon Overview and Level Annotations

Branches:
Dungeon (12/15)            Temple (1/1) D:7            Lair (0/5) D:9
    Orc (0/2) D:9         Gauntlet (1/1)

Altars:
Ashenzari
Cheibriados
Dithmenos
Elyvilon
Fedhas
Gozag
Hepliaklqana
Kikubaaqudgha
Makhleb
Nemelex Xobeh
Okawaru
Qazlal
Ru
Sif Muna
Trog
Uskayaw
Vehumet
Wu Jian
Xom
Yredelemnul
Zin
The Shining One

Annotations:
Gauntlet 8 transporters, 1 runed translucent door


Innate Abilities, Weirdness & Mutations

Your life essence is reduced to manifest your ancestor. (-10% HP)
You cannot be hasted, slowed, berserked, paralysed or teleported.
You can dig through walls and to a lower floor.
You have a pair of large antennae on your head. (SInv)
Your four strong arms can wield two-handed weapons with a shield.


Message History

The minotaur gores you but does no damage.
Blaster McGee hits the minotaur with a +0 quarterstaff.
The minotaur throws a silver javelin.
The silver javelin pierces through Blaster McGee!
The silver javelin completely misses you.
Blaster McGee hits the minotaur with a +0 quarterstaff.
Unknown command.
Okay, then.
Okay, then.
You feel better.
The minotaur hits Blaster McGee with a staff of air!!
Blaster McGee is electrocuted.
Blaster McGee is destroyed!
Okay, then.
Okay, then.
Press: ? - help, v - describe, . - travel
Here: a minotaur, wielding a staff of air, wearing a +0 chain mail and quivering silver javelins (lightly wounded)
The floor.
It was a potion of brilliance.
You feel clever all of a sudden.
The minotaur throws a silver javelin.
The silver javelin pierces through you but does no damage.
* * * LOW HITPOINT WARNING * * *
Unknown command.
It was a potion of attraction.
You feel attractive to monsters.
The minotaur throws a silver javelin.
The silver javelin closely misses you. The minotaur is attracted toward you.
It was a potion of invisibility.
You fade into invisibility!
The minotaur barely misses you. The minotaur gores you.
* * * LOW HITPOINT WARNING * * *
Unknown command.
You feel better.
The minotaur hits you with a staff of air!
* * * LOW HITPOINT WARNING * * *
You are electrocuted.
* * * LOW HITPOINT WARNING * * *
The minotaur gores you!
You die...

######.#########.#########.######
.................................
..♣P.P♣P..♣P..........♣P..♣...♣P.
............P...∩...P............
≈#≈≈≈#≈≈≈#..♣.......♣..#≈≈≈#≈≈≈#≈
###≈###≈###...........###≈###≈###
# ### ##################### ### #
.................#
#.♣.♣(©.©@©†©.♣.♣.#
........H..†.....#
#####.###.###.##### #.# #.# #.#
... ... ... .### ##. #. . . # ##


You could see a minotaur (unable to see you).

Vanquished Creatures
  Erica (D:9)
  A moth of wrath (Gauntlet)
  5 elephants (Gauntlet)
  A torpor snail (Gauntlet)
  Maggie (D:7)
  3 kobold demonologists
  A rime drake (D:9)
  2 trolls (D:11)
  A hornet (D:9)
  2 polar bears (D:9)
  Prince Ribbit (D:7)
  A shadow (D:11)
  12 yaks
  2 wraiths (D:11)
  A vampire (D:6)
  2 wyverns
  A steam dragon (D:8)
  8 vampire mosquitoes
  2 redbacks (Gauntlet)
  Menkaure (D:4)
  An acid dragon (D:11)
  3 water moccasins
  3 ice beasts (D:9)
  2 orc warriors
  An ogre (D:7)
  A black bear (D:5)
  A sky beast (D:6)
  2 centaurs
  A phantom (D:5)
  5 wolves
  3 kobold brigands
  2 bullfrogs
  A gnoll sergeant (D:7)
  4 scorpions
  A wight (D:9)
  3 killer bees (D:7)
  An electric eel (D:12)
  4 howler monkeys
  4 jellies
  A hound (D:6)
  3 bombardier beetles
  3 orc priests
  A gnoll bouda (D:7)
  4 iguanas
  Crazy Yiuf (D:3)
  Terence (D:2)
  A sleepcap (D:6)
  4 orc wizards
  19 gnolls
  8 adders
  6 ufetubi
  A dart slug (D:2)
  2 ribbon worms
  15 orcs
  4 endoplasms
  2 giant cockroaches
  5 goblins
  6 hobgoblins
  14 kobolds
  4 quokkas
  7 ball pythons
  2 bats
  5 frilled lizards
  4 rats
215 creatures vanquished.

Vanquished Creatures (collateral kills)
  3 two-headed ogres
  A gargoyle (D:12)
  A komodo dragon (D:10)
  2 kobold demonologists
  A water elemental (D:12)
  A wraith (D:10)
  3 vampire mosquitoes
  2 ice beasts (D:9)
  A centaur (D:12)
  2 wolves (Gauntlet)
  2 kobold brigands (D:11)
  A gnoll sergeant (D:11)
  A sleepcap (D:8)
  2 orc wizards (D:9)
  3 gnolls
  4 orcs
  3 kobolds
33 creatures vanquished.

Vanquished Creatures (others)
  A two-headed ogre (D:9)
  A kobold demonologist (D:8)
  3 battlemagi (Gauntlet)
  An ancestor (D:9)
  An orc (D:11)
7 creatures vanquished.

Grand Total: 255 creatures vanquished

Notes
Turn   | Place    | Note
-------+----------+-------------------------------------------
     0 | D:1      | Bnni the Formicid Fighter began the quest for the Orb.
     0 | D:1      | Reached XP level 1. HP: 18/18 MP: 1/1
   149 | D:1      | Reached XP level 2. HP: 24/24 MP: 2/2
   792 | D:1      | Reached XP level 3. HP: 28/30 MP: 3/3
   955 | D:2      | Reached skill level 3 in Staves
  1200 | D:2      | Found a hide-covered altar of Uskayaw.
  1335 | D:2      | Noticed Terence
  1341 | D:2      | Killed Terence
  1342 | D:2      | Reached XP level 4. HP: 25/37 MP: 4/4
  1693 | D:3      | Got the Enchiridion on the Mortuary and Company
  1747 | D:3      | Found a stormy altar of Qazlal.
  1770 | D:3      | Found a snail-covered altar of Cheibriados.
  1785 | D:3      | Reached skill level 4 in Staves
  1887 | D:3      | Found a runed translucent door.
  1888 | D:3      | Noticed Crazy Yiuf
  1895 | D:3      | Killed Crazy Yiuf
  1896 | D:3      | Reached XP level 5. HP: 38/43 MP: 5/5
  2210 | D:3      | Found a bloodstained altar of Trog.
  2242 | D:3      | Found a hide-covered altar of Uskayaw.
  2386 | D:3      | Found a white marble altar of Elyvilon.
  2623 | D:4      | Noticed Menkaure
  2628 | D:4      | Killed Menkaure
  2629 | D:4      | Reached skill level 5 in Fighting
  2629 | D:4      | Reached skill level 5 in Staves
  2629 | D:4      | Reached XP level 6. HP: 13/51 MP: 6/6
  2798 | D:4      | Found a broken altar of Ashenzari.
  2860 | D:4      | Identified the +5 whip "Qusiug" {freeze, rF+ Str+3 Int+3
                  | Dex-3}
  3395 | D:5      | Entered Level 5 of the Dungeon
  3395 | D:5      | Found a burning altar of Makhleb.
  3486 | D:5      | Reached XP level 7. HP: 56/56 MP: 7/7
  3535 | D:5      | Reached skill level 6 in Staves
  3828 | D:5      | Noticed a water moccasin
  3835 | D:5      | Killed a water moccasin
  3864 | D:5      | Reached XP level 8. HP: 62/64 MP: 8/8
  3867 | D:5      | Reached skill level 7 in Staves
  4496 | D:6      | Reached skill level 8 in Staves
  4859 | D:6      | Noticed a vampire
  4868 | D:6      | Killed a vampire
  4869 | D:6      | Reached XP level 9. HP: 64/72 MP: 9/9
  5032 | D:4      | You fall into a shaft and drop 2 floors!
  5108 | D:7      | Reached skill level 9 in Staves
  5124 | D:7      | Noticed Maggie
  5144 | D:7      | Killed Maggie
  5311 | D:7      | Found a staircase to the Ecumenical Temple.
  5322 | Temple   | Entered the Ecumenical Temple
  5329 | Temple   | Became a worshipper of Hepliaklqana the Forgotten
  5418 | D:7      | Reached skill level 10 in Staves
  5781 | D:7      | Noticed Prince Ribbit
  5801 | D:7      | Killed Prince Ribbit
  5874 | D:7      | Reached * piety under Hepliaklqana
  5992 | D:7      | Reached XP level 10. HP: 63/73 MP: 10/10
  6280 | D:8      | Reached skill level 11 in Staves
  6337 | D:8      | Noticed a kobold demonologist
  6338 | D:8      | Noticed a kobold demonologist
  6365 | D:8      | Killed a kobold demonologist
  6367 | D:8      | Killed a kobold demonologist
  6558 | D:8      | Reached skill level 12 in Staves
  6561 | D:8      | Reached skill level 10 in Fighting
  6675 | D:9      | Found a staircase to the Orcish Mines.
  6691 | D:9      | Noticed a rime drake
  6713 | D:9      | Killed a rime drake
  6960 | D:9      | Reached XP level 11. HP: 82/82 MP: 11/11
  7126 | D:9      | Noticed Erica
  7133 | D:9      | Found a staircase to the Lair.
  7144 | D:9      | Killed Erica
  7145 | D:9      | Reached skill level 13 in Staves
  7544 | D:9      | Reached ** piety under Hepliaklqana
  7545 | D:9      | Remembered your ancestor Blaster McGee as a battlemage
  7725 | D:9      | Noticed a two-headed ogre
  7732 | D:9      | Killed a two-headed ogre
  7824 | D:9      | Found a radiant altar of Vehumet.
  7827 | D:9      | Found an ancient bone altar of Kikubaaqudgha.
  7926 | D:9      | Found a shimmering blue altar of Sif Muna.
  8010 | D:10     | Entered Level 10 of the Dungeon
  8020 | D:10     | Reached skill level 1 in Invocations
  8206 | D:10     | Found an iron altar of Okawaru.
  8286 | D:10     | Reached skill level 14 in Staves
  8548 | D:10     | Noticed a two-headed ogre
  8554 | D:10     | Killed a two-headed ogre
  8730 | D:10     | Reached skill level 5 in Shields
  8779 | D:10     | Found a sacrificial altar of Ru.
  8938 | D:10     | Reached *** piety under Hepliaklqana
  9128 | D:11     | Reached XP level 12. HP: 85/90 MP: 15/15
  9284 | D:11     | Reached skill level 5 in Invocations
  9376 | D:11     | Noticed a sun demon
  9398 | D:11     | Reached skill level 5 in Armour
 10066 | D:12     | Noticed a two-headed ogre
 10071 | D:12     | Killed a two-headed ogre
 10126 | D:12     | Found a gate leading to a gauntlet.
 10133 | Gauntlet | Entered a Gauntlet
 10133 | Gauntlet | Found a transporter.
 10246 | Gauntlet | Found a transporter.
 10248 | Gauntlet | Found a transporter.
 10258 | Gauntlet | Found a transporter.
 10261 | Gauntlet | Found a transporter.
 10270 | Gauntlet | Found a transporter.
 10285 | Gauntlet | Found a transporter.
 10286 | Gauntlet | Noticed a hell hog
 10294 | Gauntlet | Noticed a quicksilver ooze
 10296 | Gauntlet | Found a transporter.
 10307 | Gauntlet | Found a transporter.
 10309 | Gauntlet | Noticed a reaper
 10322 | Gauntlet | Found a transporter.
 10335 | Gauntlet | Found a transporter.
 10336 | Gauntlet | Found a transporter.
 10376 | Gauntlet | Found a transporter.
 10390 | Gauntlet | Found a transporter.
 10393 | Gauntlet | Found a runed translucent door.
 10729 | Gauntlet | Identified the ring "Puhoq" {*Slow Will+ rCorr Dex+6 SInv}
 10739 | Gauntlet | HP: 1/92 [redback (9)]
 10915 | Gauntlet | Noticed a minotaur
 10925 | Gauntlet | Slain by a minotaur

Illustrated notes

Levels and vault maps discovered:
D:1:      eino_arrival_water_cross, layout_basic
D:2:      layout_basic, basic_altar, uniq_terence
D:3:      layout_loops_corners, nicolae_qazlal_scattered_showers, slow_altar_1,
          nicolae_elyvilon_temple_path, lemuel_tele_altar,
          nicolae_uskayaw_suspiria, eino_tiny_chamber,
          amcnicky_mini_corridor_feature, uniq_crazy_yiuf_cottage
D:4:      layout_rooms, mainiacjoe_overflow_brackets, lemuel_flame_loot_1,
          uniq_menkaure
D:5:      layout_gridville, mainiacjoe_overflow_concentric_impassable
D:6:      layout_gridville
D:7:      layout_gridville, minmay_temple_entry_glassed_door,
          uniq_prince_ribbit1, uniq_maggie
D:8:      layout_basic
D:9:      layout_loops_cross, led_sif_book, gammafunk_temple_overflow_pools,
          hellmonk_lair_entry_icy, orc_0_dummy, grunt_decor_one_mirror,
          minmay_misc_feat_ornament, st_stairs_7, kennysheep_generic_room_7,
          uniq_erica
D:10:     layout_roguey, general_overflow_altar, nicolae_ru_the_path_less_chosen
D:11:     layout_roguey
D:12:     layout_basic, gauntlet_entry_generic, okawaru_trees_2
Temple:   hellmonk_temple_micro_hex
Gauntlet: minmay_gauntlet_77_tree [minmay_gauntlet_arena_77_terracotta_army,
          minmay_gauntlet_arena_77_path, minmay_gauntlet_arena_77_fan,
          minmay_gauntlet_arena_77_chump_sandwich,
          minmay_gauntlet_arena_77_hold_the_fort,
          minmay_gauntlet_arena_77_double_cross,
          minmay_gauntlet_arena_77_checkered, gauntlet_exit_watery]

Skill      XL: |  1  2  3  4  5  6  7  8  9 10 11 12 |
---------------+-------------------------------------+-----
Staves         | 3 4 5 6 8 10 12 14 | 14.0
Fighting       | 4 5 6 7 8 10 11 12 | 12.4
Invocations    | 4 8 |  8.3
Armour         | 4 6 |  6.3
Shields        | 5 7 |  7.6

Action                     |  1- 3 |  4- 6 |  7- 9 | 10-12 || total
---------------------------+-------+-------+-------+-------++-------
  Melee: Quarterstaff      |    91 |    73 |   241 |   441 ||   846
  Throw: Dart              |       |       |     1 |    11 ||    12
         Throwing net      |       |       |       |     1 ||     1
 Invoke: Ancestor Identity |       |       |     1 |       ||     1
         Ancestor Life: Ba |       |       |       |     1 ||     1
         Recall Ancestor   |       |       |       |     1 ||     1
Ability: Shaft Self        |       |       |     1 |       ||     1
         Dig               |       |       |       |     2 ||     2
  Evoke: Wand              |       |       |     1 |     3 ||     4
    Use: Scroll            |       |     5 |       |       ||     5
         Potion            |       |       |       |    12 ||    12
   Stab: Petrifying        |       |       |     3 |       ||     3
         Confused          |       |       |     1 |     2 ||     3
         Distracted        |       |       |     1 |     1 ||     2
         Paralysed         |       |       |     1 |     1 ||     2
         Petrified         |       |       |       |     5 ||     5
 Armour: Scale mail        |    47 |    26 |       |   157 ||   230
         Ring mail         |       |     6 |   152 |   183 ||   341
  Dodge: Dodged            |    33 |    27 |   106 |   175 ||   341
  Block: Buckler           |    21 |     8 |    56 |   111 ||   196
